 Dungeon Crawl Stone Soup version 0.28-a0-1493-g08698888e4 (webtiles) character file.

Game seed: 16998859981778044455

1740 Zdeegee the Firebug (level 9, 0/52 HPs)
             Began as a Gargoyle Fire Elementalist on Jan 8, 2022.
             Slain by a wight (10 damage)
             ... on level 8 of the Dungeon on Jan 12, 2022.
             The game lasted 00:20:56 (8049 turns).

Zdeegee the Firebug (Gargoyle Fire Elementalist)    Turns: 8049, Time: 00:20:56

Health: 0/52       AC:  9    Str:  9 (11) XL:     9   Next: 5%
Magic:  10/17      EV: 12    Int: 15 (17) God:
Gold:   795        SH:  5    Dex: 10      Spells: 10/19 levels left

rFire   . . .      SeeInvis .   n - +3 spear (freeze)
rCold   + . .      Faith    .   (no shield)
rNeg    + + +      Spirit   .   a - +0 robe
rPois   ∞          Reflect  +   b - +1 hat
rElec   +          Harm     .   (no cloak)
rCorr   .          Rampage  .   (no gloves)
Will    +++..                   (no boots)
Stlth   ++........              d - amulet of reflection
HPRegen 0.17/turn               q - ring "Titaffai" {rC+ rN+++ Will+++ Int-4}
MPRegen 0.15/turn               v - ring of wizardry

@: no status effects
A: sickness immunity, AC +6, negative energy resistance 1, electricity
resistance, torment resistance 1, petrification resistance
a: no special abilities


You were on level 8 of the Dungeon.
You visited 1 branch of the dungeon, and saw 7 of its levels.
You also visited: Sewer and Ossuary.

You collected 1200 gold pieces.
You spent 405 gold pieces at shops.

Inventory:

Hand Weapons
 c - a +0 dagger
 n - a +3 spear of freezing (weapon)
 s - a +3 short sword
Missiles
 m - a throwing net
Armour
 a - a +0 robe (worn)
 b - a +1 hat (worn)
 w - the +4 robe of Caset {rPois rC+ MP-9 Int+3}
   (You bought it in a shop on level 5 of the Dungeon)

   Int:       It affects your intelligence (+3).
   rC:        It protects you from cold.
   rPois:     It protects you from poison.
   MP:        It affects your magic capacity (-9).
Magical Staves
 g - a staff of cold
Jewellery
 d - an amulet of reflection (around neck)
 e - a ring of flight
 o - a +4 ring of slaying
 p - an amulet of the acrobat
 q - the ring "Titaffai" (left hand) {rC+ rN+++ Will+++ Int-4}
   (You acquired it on level 4 of the Dungeon)

   [ring of protection from cold]

   Int:       It affects your intelligence (-4).
   rC:        It protects you from cold.
   rN:        It renders you almost immune to negative energy.
   Will:      It greatly increases your willpower.
 v - a ring of wizardry (right hand)
Wands
 f - a wand of iceblast (9)
 r - a wand of mindburst (21)
 x - a wand of paralysis (10)
Scrolls
 j - a scroll of enchant weapon {unknown}
 t - 2 scrolls of teleportation {unknown}
 y - a scroll of magic mapping {unknown}


   Skills:
 * Level 3.9 Fighting
 + Level 0.6 Short Blades
 + Level 0.9 Polearms
 * Level 3.8 Armour
 * Level 3.2 Dodging
 + Level 3.0 Stealth
 + Level 0.8 Shields
 * Level 5.5 Spellcasting
 + Level 4.5 Conjurations
 * Level 5.7 Fire Magic
 * Level 2.0 Earth Magic
 + Level 0.1 Evocations


You had 10 spell levels left.
You knew the following spells:

 Your Spells              Type           Power      Damage    Failure   Level
a - Foxfire               Conj/Fire      76%        2x1d7     1%          1
b - Scorch                Fire           42%        2d7       1%          2
c - Searing Ray           Conj           34%        2d5       1%          2
d - Flame Wave            Conj/Fire      19%        2d5       8%          4

Your spell library contained the following spells:

 Spells                   Type           Power      Damage    Failure   Level
 Magic Dart               Conj           68%        1d6       1%          1
 Conjure Flame            Conj/Fire      19%        6-21      2%          3
 Inner Flame              Hex/Fire       12%        N/A       6%          3
 Wereblood                Tmut           4%         N/A       10%         2
 Fulminant Prism          Conj/Hex       5%         3d7       24%         4
 Olgreb's Toxic Radiance  Pois           4%         N/A       50%         4
 Ozocubu's Refrigeration  Ice            2%         4d5       100%        7
 Summon Hydra             Summ           2%         N/A       100%        7
 Ignition                 Fire           10%        3d5       100%        8
 Sublimation of Blood     Necr           Unusable   N/A       N/A         2

Dungeon Overview and Level Annotations

Branches:
Dungeon (8/15)              Sewer (visited)         Ossuary (visited)
 Temple: D:4-7         Lair: D:8-11

Altars:
Fedhas
Ru

Shops:
D:5 *


Innate Abilities, Weirdness & Mutations

You are immune to sickness and miasma.
Your stone body is resilient. (AC +6)
You are immune to poison.
You resist negative energy. (rN+)
You are resistant to electric shocks. (rElec)
You are resistant to unholy torment.
You are immune to petrification.


Message History

There is a stone staircase leading up here.
You climb upwards.
The orc closely misses you. The wight misses you.
The orc hits you but does no damage.
There is a stone staircase leading down here.
You conjure some foxfire!
The wight hits you with a +0 scimitar!
The orc hits you with a +2 flail of draining!
You conjure some foxfire!
The foxfire hits the wight.
The wight is lightly damaged.
The foxfire hits the orc.
The orc is severely wounded.
The wight barely misses you.
The orc warrior hits you from afar with a +0 halberd!
You block the orc's attack.
The foxfire hits the wight but does no damage.
The wight is lightly damaged.
The wight barely misses you.
The orc warrior hits you but does no damage.
The orc hits you with a +2 flail of draining.
You climb downwards.
There is a stone staircase leading up here.
You hit the orc. You freeze the orc.
You kill the orc!
The wight barely misses you.
Items here: ( )) ÷ †.
Items here: )) [[.
Casting: Foxfire (safe; 1% risk of failure)
Confirm with . or Enter, or press ? or * to list all spells.
Flames lash the wight.
The wight is severely damaged.
The wight's fire resistance burns away.
The wight hits you with a +0 scimitar!
* * * LOW HITPOINT WARNING * * *
Casting: Scorch (safe; 1% risk of failure)
Confirm with . or Enter, or press ? or * to list all spells.
Flames lash the wight.
The wight is burned terribly!
The wight is almost destroyed.
The wight closely misses you.
Casting: Scorch (safe; 1% risk of failure)
Confirm with . or Enter, or press ? or * to list all spells.
Flames lash the wight but do no damage.
The wight hits you with a +0 scimitar!
You die...

#.# #.# #.####.###.#
............#
.........##.############
.........##............#
.........############.##
#........# #.#
.........# #########.#
#........####<)z@.....#
##..###....[..#######.#
.......>.####.# #.#
##..###. #.# #.# # ..#
#.# .# #.# #.# .# ...
#.# ## ### ###


You could see a wight (combustible).

Vanquished Creatures
  A wyvern (D:4)
  Menkaure (D:4)
  An orc warrior (D:8)
  A black bear (D:4)
  3 ogres
  A centaur (D:8)
  2 elf zombies (Ossuary)
  A bullfrog (Sewer)
  A scorpion (D:4)
  3 wights
  A centaur zombie (D:4)
  A bullfrog zombie (D:5)
  A human zombie (Ossuary)
  An orc priest (D:5)
  A hound (D:5)
  A gnoll shaman (D:4)
  2 iguanas (D:4)
  An orc wizard (D:8)
  2 mummies (Ossuary)
  2 howler monkey zombies
  5 adders
  8 gnolls
  2 river rats (D:3)
  2 worms
  An adder skeleton (D:4)
  2 dart slugs
  11 orcs
  10 ball pythons
  5 bats
  5 endoplasms
  13 giant cockroaches
  2 gnoll zombies (Ossuary)
  8 hobgoblins
  6 jackals
  11 quokkas
  7 frilled lizards
  6 goblins
  4 goblin zombies (Ossuary)
  2 hobgoblin zombies (Ossuary)
  4 kobolds
  3 orc zombies (Ossuary)
  7 rats
152 creatures vanquished.

Vanquished Creatures (others)
  508 foxfires
508 creatures vanquished.

Grand Total: 660 creatures vanquished

Notes
Turn   | Place    | Note
-------+----------+-------------------------------------------
     0 | D:1      | Zdeegee the Gargoyle Fire Elementalist began the quest for
                  | the Orb.
     0 | D:1      | Reached XP level 1. HP: 10/10 MP: 3/3
   300 | D:1      | Reached XP level 2. HP: 15/15 MP: 1/5
   445 | D:1      | Learned a level 2 spell: Scorch
   808 | D:1      | Learned a level 2 spell: Searing Ray
  1048 | D:1      | Reached XP level 3. HP: 20/20 MP: 3/6
  1444 | D:2      | Found a blossoming altar of Fedhas.
  2545 | D:3      | Reached XP level 4. HP: 24/24 MP: 4/7
  2719 | D:3      | Reached skill level 1 in Armour
  2872 | D:3      | Upgraded the game from 0.28-a0-1415-g7c84da036a to
                  | 0.28-a0-1447-ga5a8893891
  2980 | D:3      | Found a sacrificial altar of Ru.
  3082 | D:3      | Found a glowing drain.
  3105 | Sewer    | Entered a sewer
  3525 | Sewer    | Reached XP level 5. HP: 28/28 MP: 4/9
  3575 | Sewer    | Learned a level 4 spell: Flame Wave
  3587 | Sewer    | Reached skill level 1 in Fighting
  4012 | D:3      | Reached XP level 6. HP: 34/34 MP: 6/10
  4372 | D:4      | Noticed Menkaure
  4379 | D:4      | Noticed a black bear
  4380 | D:4      | Killed Menkaure
  4697 | D:4      | Reached XP level 7. HP: 40/40 MP: 6/12
  5867 | D:4      | Identified 3 scrolls of acquirement
  5867 | D:4      | Acquired the Unrestrained Analects
  5938 | D:4      | Reached XP level 8. HP: 46/46 MP: 5/14
  6030 | D:4      | Acquired 670 gold pieces
  6032 | D:4      | Acquired the ring "Titaffai" {rC+ rN+++ Will+++ Int-4}
  6043 | D:4      | Noticed a wyvern
  6053 | D:4      | Killed a wyvern
  6427 | D:5      | Entered Level 5 of the Dungeon
  6440 | D:5      | Upgraded the game from 0.28-a0-1447-ga5a8893891 to
                  | 0.28-a0-1493-g08698888e4
  6591 | D:5      | Found Otesodd's Assorted Antiques.
  6598 | D:5      | Bought a golden potion for 31 gold pieces
  6598 | D:5      | Bought a glowing brass ring for 175 gold pieces
  6598 | D:5      | Bought a colourful robe for 199 gold pieces
  6598 | D:5      | Identified the +4 robe of Caset {rPois rC+ MP-9 Int+3} (You
                  | bought it in a shop on level 5 of the Dungeon)
  6618 | D:5      | Reached skill level 5 in Spellcasting
  6701 | D:5      | Found a sand-covered staircase.
  6736 | Ossuary  | Entered an ossuary
  6781 | Ossuary  | Reached skill level 5 in Fire Magic
  6781 | Ossuary  | Reached skill level 1 in Earth Magic
  7424 | D:5      | You fall into a shaft and drop 3 floors!
  7793 | D:8      | Reached XP level 9. HP: 32/52 MP: 11/17
  8049 | D:8      | Slain by a wight

Illustrated notes

Levels and vault maps discovered:
D:1:      heliophobic_arrival_ceremonial_halls, layout_basic
D:2:      layout_basic, basic_altar, minivault_14
D:3:      layout_basic, overflow_temple_1_default, portal_sewer_entry_b
D:4:      minmay_bubble_buster, layout_loops_ring, uniq_menkaure
D:5:      lemuel_ratsnest, layout_basic, lemuel_temple_firewalk_b, serial_shops,
          shop, enter_ossuary_3
D:7:      minmay_clustersquares, layout_basic, serial_shops, shop,
          minmay_misc_feat_tower
D:8:      gammafunk_steamed_eel, layout_basic, serial_shops, shop_coins,
          minmay_misc_feat_tiny, st_stairs_6, nicolae_blasting_shop

Skill      XL: |  1  2  3  4  5  6  7  8 |
---------------+-------------------------+-----
Dodging        | 2 3 |  3.2
Armour         | 1 2 3 |  3.8
Conjurations   | 2 3 4 |  4.5
Fighting       | 1 2 3 |  3.9
Spellcasting   | 3 4 5 |  5.5
Fire Magic     | 4 5 |  5.7
Stealth        | 3 |  3.0
Earth Magic    | 2 |  2.0
Short Blades   | |  0.6
Polearms       | |  0.9
Shields        | |  0.8
Evocations     | |  0.1

Action                   |  1- 3 |  4- 6 |  7- 9 || total
-------------------------+-------+-------+-------++-------
Melee: Unarmed           |    20 |       |       ||    20
       Dagger            |    49 |    19 |     4 ||    72
       Punch             |     1 |       |       ||     1
       Spear             |       |       |    57 ||    57
       Short sword       |       |       |     7 ||     7
 Cast: Foxfire           |    69 |    83 |   171 ||   323
       Scorch            |     8 |    20 |    21 ||    49
       Searing Ray       |     1 |       |       ||     1
       Flame Wave        |       |       |     3 ||     3
Evoke: Wand              |       |       |     7 ||     7
  Use: Scroll            |       |     3 |     3 ||     6
       Potion            |       |       |     5 ||     5
Armor: Robe              |    29 |    21 |    73 ||   123
Dodge: Dodged            |    44 |    53 |    98 ||   195
Block: Other             |       |    10 |    29 ||    39

Table legend: (Time is in decaauts)
 A = Elapsed time spent in this place.
 B = Non-inter-level travel time spent in this place.
 C = Inter-level travel time spent in this place.
 D = Time resting spent in this place.
 E = Time spent auto-exploring this place.
 F = Levels seen in this place.
 G = Mean time per level.
                   A        B        C        D        E       F      G
               +--------+--------+--------+--------+--------+-----+--------+
         Total |   8053 |   7898 |    155 |   1636 |   5021 |   9 |  894.8 |
       Dungeon |   6712 |   6557 |    155 |   1119 |   4478 |   7 |  958.9 |
         Sewer |    853 |    853 |      0 |    326 |    387 |   1 |  853.0 |
       Ossuary |    487 |    487 |      0 |    191 |    156 |   1 |  487.0 |
               +--------+--------+--------+--------+--------+-----+--------+

Top non-repeatable levels by time:
     D:4: 1780 daAuts
     D:1: 1377 daAuts
     D:3: 1376 daAuts
     D:2: 1039 daAuts
   Sewer: 853 daAuts
     D:8: 603 daAuts
     D:5: 511 daAuts
 Ossuary: 487 daAuts
     D:7: 23 daAuts
